 Dungeon Crawl Stone Soup version 0.29-a0-1009-g60c99734e7 (webtiles) character file.

Game seed: 17907304643750309868

144607 ragingrage the Spry (level 16, -1/81 HPs)
             Began as a Felid Summoner on Aug 8, 2022.
             Was an Initiate of Gozag.
             Killed from afar by Jorgrun (34 damage)
             ... with a blast of rock fragments
             ... on level 14 of the Dungeon.
             The game lasted 02:47:22 (53393 turns).

ragingrage the Spry (Felid Summoner)               Turns: 53393, Time: 02:47:22

Health: -1/81      AC:  3    Str:  4    XL:     16   Next: 21%
Magic:  15/33      EV: 31    Int: 26    God:    Gozag
Gold:   4198       SH:  0    Dex: 17    Spells: 3/39 levels left
                                        Lives:  0   Deaths: 3

rFire   + . .      SeeInvis +   (weapon unavailable)
rCold   + . .      Faith    .   (shield unavailable)
rNeg    . . .      Spirit   .   (body armour unavailable)
rPois   .          Reflect  .   (helmet unavailable)
rElec   .          Harm     .   (cloak unavailable)
rCorr   .          Rampage  .   (gloves unavailable)
Will    ++...                   (boots unavailable)
Stlth   ++........              K - amulet of magic regeneration
HPRegen 0.23/turn               d - ring of wizardry
MPRegen 0.63/turn               E - ring of Juraut {rF+ Int+2 Slay+5}

@: about to teleport, forested, gold aura, very slightly contaminated, quick
A: very small, claws 1, fangs 3, see invisible, speed 1, shaggy fur 3, stealthy
paws, no weapons or thrown items, no armour, multi-lived
}: 2/15 runes: decaying, serpentine
a: Renounce Religion, Potion Petition, Call Merchant, Bribe Branch


You were on level 14 of the Dungeon.
You worshipped Gozag.
Gozag was most pleased with you.
You visited 5 branches of the dungeon, and saw 29 of its levels.
You also visited: Bailey and Ice Cave.

You collected 12463 gold pieces.
You spent 2199 gold pieces at shops.
You paid 6066 gold pieces to Gozag.

Inventory:

Jewellery
 d - a ring of wizardry (left paw)
 p - a ring of protection from fire
 q - a ring of resist corrosion
 A - a +4 ring of evasion
 E - the ring of Juraut (right paw) {rF+ Int+2 Slay+5}
   (You found it in a bailey)

   [ring of protection from fire]

   Int:       It affects your intelligence (+2).
   Slay:      It affects your accuracy & damage with ranged weapons and melee
   (+5).
   rF:        It protects you from fire.
 G - a ring of ice
 J - the ring "Fexkoih" {+Blink rF+ rC+ Will- Dex+3}
   (You acquired it on level 2 of the Swamp)

   [ring of protection from cold]

   Dex:       It affects your dexterity (+3).
   rF:        It protects you from fire.
   rC:        It protects you from cold.
   +Blink:    It lets you blink.
   Will:      It decreases your willpower.
 K - an amulet of magic regeneration (around neck)
 M - a ring of positive energy
 N - the ring "Piboh" {rElec rF+ rC+ MP+9}
   (You acquired it on level 3 of the Swamp)

   [ring of magical power]

   rF:        It protects you from fire.
   rC:        It protects you from cold.
   rElec:     It insulates you from electricity.
   MP:        It affects your magic capacity (+9).
 P - a ring of poison resistance
 Q - an amulet of guardian spirit
Wands
 r - a wand of mindburst (11)
 t - a wand of paralysis (24)
 w - a wand of digging (1)
 C - a wand of roots (24)
 D - a wand of light (3)
 F - a wand of flame (25)
Scrolls
 c - 3 scrolls of amnesia
 g - 8 scrolls of teleportation
 i - 2 scrolls of magic mapping
 k - 9 scrolls of butterflies
 l - 4 scrolls of blinking
 n - a scroll of fear
 u - 4 scrolls of poison
 I - a scroll of summoning
 L - a scroll of silence
Potions
 a - 6 potions of magic
 b - 4 potions of haste
 e - 4 potions of berserk rage
 f - 10 potions of curing
 j - 6 potions of ambrosia
 m - 3 potions of brilliance
 o - 4 potions of might
 s - 8 potions of attraction
 v - 9 potions of mutation
 x - 8 potions of heal wounds
 y - 3 potions of resistance
 z - 4 potions of invisibility
 B - 6 potions of lignification
 H - 4 potions of flight
 O - a potion of cancellation
Miscellaneous
 h - a box of beasts


   Skills:
 - Level 15.0 Fighting
 - Level 19.0 Dodging
 - Level 2.6 Stealth
 - Level 12.0 Spellcasting
 - Level 10.0 Hexes
 - Level 14.0 Summonings
 - Level 15.0 Translocations
 + Level 11.0 Transmutations
 + Level 12.5 Air Magic


You had 3 spell levels left.
You knew the following spells:

 Your Spells              Type           Power      Damage    Failure   Level
a - Summon Forest         Summ/Tloc      37%        N/A       1%          5
b - Call Imp              Summ           73%        N/A       0%          2
c - Call Canine Familiar  Summ           73%        N/A       1%          3
d - Summon Guardian Gole  Hex/Summ       67%        N/A       1%          3
e - Summon Lightning Spi  Summ/Air       71%        N/A       1%          4
f - Summon Mana Viper     Hex/Summ       67%        N/A       1%          5
g - Malign Gateway        Summ/Tloc      37%        N/A       3%          7
h - Storm Form            Tmut/Air       33%        N/A       11%         7

Your spell library contained the following spells:

 Spells                   Type           Power      Damage    Failure   Level
 Apportation              Tloc           100%       N/A       0%          1
 Summon Small Mammal      Summ           100%       N/A       0%          1
 Gell's Gravitas          Tloc           76%        N/A       0%          3
 Lesser Beckoning         Tloc           76%        N/A       0%          3
 Teleport Other           Tloc           76%        N/A       0%          3
 Ozocubu's Armour         Ice            15%        N/A       4%          3
 Airstrike                Air            34%        2d(5-21)  1%          4
 Fulminant Prism          Conj/Hex       20%        3d13      1%          4
 Iskenderun's Mystic Bla  Conj/Tloc      53%        2d11      1%          4
 Leda's Liquefaction      Hex/Erth       20%        N/A       1%          4
 Petrify                  Tmut/Erth      44%        N/A       1%          4
 Summon Ice Beast         Ice/Summ       51%        N/A       1%          4
 Blade Hands              Tmut           32%        N/A       1%          5
 Dispersal                Tloc           38%        N/A       1%          6
 Alistair's Intoxication  Tmut/Pois      29%        N/A       4%          5
 Irradiate                Conj/Tmut      22%        3d19      4%          5
 Monstrous Menagerie      Summ           36%        N/A       4%          7
 Summon Hydra             Summ           36%        N/A       4%          7
 Dragon Form              Tmut           32%        N/A       14%         7
 Eringya's Noxious Bog    Tmut/Pois      22%        N/A       24%         6
 Summon Horrible Things   Summ           36%        N/A       30%         8
 Borgnjor's Vile Clutch   Necr/Erth      7%         N/A       38%         5
 Lee's Rapid Deconstruct  Erth           7%         3d8*      38%         5
 Spellforged Servitor     Conj/Summ      25%        N/A       54%         7
 Orb of Destruction       Conj           7%         9d6       100%        7
 Ozocubu's Refrigeration  Ice            7%         4d9       100%        7
 Necromutation            Tmut/Necr      22%        N/A       100%        8
 Portal Projectile        Hex/Tloc       Unusable   N/A       N/A         3

Dungeon Overview and Level Annotations

Branches:
Dungeon (14/15) Temple (0/1) D:7 Lair (5/5) D:10 Swamp (4/4) Lair:3 Snake (4/4) Lair:2 Slime (0/5) Lair:4 Orc (2/2) D:11 Elf (0/3) Orc:2 Vaults (0/5) D:12 D:13 Bailey (visited) IceCv (visited)

Altars:
Ashenzari
Cheibriados
Gozag
Kikubaaqudgha
Makhleb
Nemelex Xobeh
Trog
Uskayaw
Vehumet
Xom
Yredelemnul
Jiyva

Shops:
D:5 *   D:6 *((   Orc:2 *[:(   Lair:1 **:::!   Snake:2 =   Snake:3 [*

Annotations:
D:5 1 runed translucent door, SweetJohnnyV's ghost, amateur MiBe
D:7 2 transporters, gebbletook2's ghost, novice OpMo
D:8 Joseph
D:9 1 exclusion
D:12 exclusion: 2 downstairs
D:14 Jorgrun
Lair:3 exclusion: downstairs
Lair:4 exclusion: 2 oklob plants
Swamp:2 1 runed translucent door, Triskal's ghost, adept OgGl
Swamp:3 exclusion: downstairs
Snake:1 3 runed translucent doors, exclusion: downstairs, Reeplash's ghost, journeyman MeEE
Snake:3 Nikola
Orc:2 exclusion: upstairs


Innate Abilities, Weirdness & Mutations

You have sharp claws.
You have razor-sharp teeth.
You have supernaturally acute eyesight. (SInv)
You cover ground quickly. (Speed+)
Your thick and shaggy fur keeps you warm. (AC +3, rC+)
Your paws help you pounce on unaware monsters.
You are incapable of wielding weapons or throwing items.
You cannot wear armour.
You gain extra lives every three experience levels.


Message History

The meliai calls down the wrath of its god upon you.
Something smites you!
Your warg misses the meliai.
Your dryad closely misses the meliai.
You hear a shout!
Jorgrun Earthshaker comes into view.
He is wielding a +0 vorpal quarterstaff and wearing a +0 robe of cold resistance.
The meliai attacks as you move away! The meliai closely misses you.
The meliai closely misses your warg.
The meliai completely misses your dryad.
The meliai barely misses you.
A tree reaches out and hits the meliai!
The meliai dies!
The boggart is hit by a branch!
The meliai completely misses you. The meliai closely misses your warg.
The meliai barely misses you.
Jorgrun moves out of view.
As you read the scroll of teleportation, it crumbles to dust.
You feel strangely unstable. Tree limbs sway around you.
The meliai is hit by a branch!
A tree reaches out and hits the boggart!
The boggart dies!
The meliai is hit by a branch!
The meliai dies!
Your warg disappears in a puff of smoke!
The meliai is distracted by your dazzling golden aura.
You feel a bit more experienced.
The meliai is no longer distracted by gold.
The meliai is hit by a branch!
A root lunges up near Jorgrun.
The meliai invokes the aid of its god against your dryad.
Your dryad is smitten.
Your dryad hits the meliai!
The meliai dies!
Your Transmutations skill increases to level 11!
Casting: Summon Guardian Golem (safe; 1% risk of failure)
Confirm with . or Enter, or press ? or * to list all spells.
The dungeon shakes, a horrible noise fills the air, and a portal to some otherworldly place is opened!
A root smacks Jorgrun from below!
The forest calms down.
Your dryad hits Jorgrun but does no damage.
Jorgrun gestures next to you while chanting.
The wall shatters!
The blast of rock fragments hits you!!
You die...
Your body crumbles into a pile of gold.

# .♣ ##♣#♣♣#♣###.♣
#####+## ?♣.......♣..
#....... ....♣.§.§.♣####
#....... g♣....§∩.......
#....... .g$...9R§##♣#####
#......
♣.$$.§g$.@..♣...####....##
♣♣#♣#.♣.♣.#.........# #...
#.♣♣.♣.....#.###+###.#. $
.g. ♣.#♣#♣#.#.>.........
... ♣.......#.........## $
... #########.........#
..♣ #.........#
#.......[.# ##........#


You could see Jorgrun (ally target), a friendly dryad (summoned, sheltered) and
a friendly guardian golem (summoned).

Vanquished Creatures
  the Lernaean hydra (Swamp:4)
  A thorn hunter (Swamp:1)
  A fenstrider witch (Swamp:3)
  A hydra (Swamp:4)
  A centaur warrior (D:14)
  A spriggan druid (Swamp:2)
  A black mamba (Snake:4)
  A yak (Lair:3)
  2 wyverns
  A human (D:13)
  A swamp worm (Swamp:4)
  A warg (Orc:2)
  A naga (Lair:2)
  3 water moccasins
  A wolf (Lair:1)
  A bullfrog (Lair:4)
  3 orc wizards
  A killer bee zombie (D:7)
  A gnoll (D:7)
  A river rat (D:5)
  A dart slug (D:4)
  5 orcs
  A hobgoblin (D:2)
  A quokka (D:2)
  3 bats
  A rat (D:1)
37 creatures vanquished.

Vanquished Creatures (collateral kills)
  Bai Suzhen (Swamp:4)
  A tentacled monstrosity (Swamp:3)
  Rupert (D:13)
  A quicksilver dragon (Snake:4)
  2 eldritch tentacles
  2 thorn hunters (Swamp:4)
  4 nagarajas
  A fenstrider witch (Swamp:1)
  Aizul (Snake:1)
  Nessos (D:12)
  10 eleionomae
  4 bunyips
  Fannar (Lair:2)
  20 hydras
  3 salamander tyrants
  3 boulder beetles
  3 centaur warriors (D:13)
  2 ghost crabs
  10 anacondas
  14 naga warriors
  A merfolk avatar (Lair:5)
  3 catoblepae
  A two-headed ogre (D:11)
  An orc high priest (Orc:2)
  3 death yaks (Lair:3)
  11 alligators
  11 naga sharpshooters
  3 shock serpents
  Urug (D:13)
  Nergalle (Lair:1)
  Lodul (D:13)
  Amaemon (Lair:2)
  5 salamander mystics
  4 goliath frogs
  2 spriggan druids
  A death drake (Swamp:3)
  A lindwurm (Lair:4)
  7 naga ritualists
  6 bog bodies
  8 swamp dragons
  2 orc knights
  A necromancer (Swamp:1)
  5 cyclopes
  A harpy (Lair:5)
  6 orc sorcerers
  9 mana vipers
  2 deep elf pyromancers
  13 salamanders
  7 elephants
  2 manticores (Lair:5)
  A will-o-the-wisp (Swamp:3)
  3 ugly things
  28 naga magi
  29 black mambas
  11 guardian serpents
  An orange demon (Lair:2)
  12 cane toads
  Maggie (Lair:2)
  Psyche (D:10)
  6 komodo dragons
  An unseen horror (D:12)
  A rime drake (Lair:3)
  An efreet (D:13)
  2 polar bears
  3 meliai (D:14)
  7 trolls
  7 blink frogs
  2 slime creatures (D:13)
  5 tyrant leeches
  4 hornets
  3 snapping turtles (Lair:5)
  5 spriggans
  29 yaks
  A water elemental (D:12)
  A wraith (D:12)
  3 wyverns
  A shadow (D:12)
  2 basilisks
  10 humans
  2 steam dragons
  4 vampire mosquitoes (Swamp:1)
  11 swamp worms
  A death yak simulacrum (Orc:1)
  54 nagas
  A warg (Orc:1)
  17 water moccasins
  A nameless horror (D:14)
  2 black bears
  10 swamp drakes
  An ice beast (D:8)
  21 orc warriors
  A sky beast (D:8)
  9 ogres
  2 boggarts (D:14)
  6 wolves
  7 centaurs
  3 kobold brigands
  6 bullfrogs
  2 scorpions
  2 cane toad simulacra
  2 two-headed ogre simulacra (Orc:1)
  An elephant simulacrum (Orc:1)
  2 howler monkeys
  3 electric eels
  2 bullfrog zombies (D:7)
  2 centaur zombies (D:7)
  10 orc priests
  4 hounds
  A gnoll bouda (D:7)
  15 orc wizards
  An iguana (Lair:3)
  A polar bear simulacrum (IceCv)
  9 hell rats
  A wolf simulacrum (Orc:1)
  2 killer bee zombies (D:7)
  12 gnolls
  14 adders
  A naga simulacrum (Orc:1)
  2 dart slugs (D:2)
  54 orcs
  3 bats
  4 endoplasms
  3 giant cockroaches
  8 goblins
  4 hobgoblins
  7 jackals
  21 kobolds
  A quokka (D:5)
  4 ball pythons
  6 frilled lizards
  9 rats
  8 briar patches (Swamp:4)
766 creatures vanquished.

Vanquished Creatures (others)
  A quicksilver dragon (Snake:4)
  15 eldritch tentacles
  A thorn hunter (Swamp:4)
  A nagaraja (Snake:3)
  An eleionoma (Swamp:4)
  A bunyip (Swamp:2)
  6 hydras
  A boulder beetle (D:11)
  3 anacondas
  3 two-headed ogres
  2 centaur warriors (D:13)
  2 alligators
  5 naga warriors
  2 death yaks (Lair:3)
  4 shock serpents
  2 naga sharpshooters
  A spriggan druid (Swamp:1)
  2 swamp dragons (Swamp:4)
  A sea snake (Lair:5)
  2 mana vipers
  3 orc knights
  2 elephants
  3 naga magi
  A guardian serpent (Snake:4)
  A cane toad (Lair:1)
  9 black mambas
  A gargoyle (D:11)
  2 komodo dragons
  A freezing wraith (IceCv)
  2 bloated husks (Swamp:3)
  A tyrant leech (Swamp:1)
  6 trolls
  2 slime creatures (D:13)
  A wyvern (Lair:2)
  3 spriggans
  2 wraiths (D:11)
  5 humans
  9 yaks
  2 vampire mosquitoes (D:6)
  A basilisk (Lair:1)
  A death yak simulacrum (IceCv)
  3 swamp worms
  6 nagas
  An acid dragon (D:12)
  16 orc warriors
  A swamp drake (Swamp:4)
  2 water moccasins
  A centaur (D:11)
  A wolf (Lair:2)
  4 ogres
  A bullfrog (D:8)
  A gnoll sergeant (D:7)
  A two-headed ogre simulacrum (Orc:1)
  An iguana (D:7)
  An orc wizard (D:6)
  2 hell rats
  A gnoll (D:3)
  5 orcs
  A bush (Lair:5)
  4 foxfires (Swamp:3)
  58 fungi
  139 plants
  25 snaplasher vines
  2 withered plants (Swamp:2)
391 creatures vanquished.

Grand Total: 1194 creatures vanquished

Notes
Turn   | Place    | Note
-------+----------+-------------------------------------------
     0 | D:1      | ragingrage the Felid Summoner began the quest for the Orb.
     0 | D:1      | Reached XP level 1. HP: 7/7 MP: 4/4
   193 | D:1      | Reached XP level 2. HP: 11/11 MP: 3/6
   199 | D:1      | Learned a level 2 spell: Call Imp
   917 | D:2      | Reached XP level 3. HP: 14/14 MP: 2/8
   921 | D:2      | Learned a level 3 spell: Call Canine Familiar
  1463 | D:2      | Reached XP level 4. HP: 15/18 MP: 1/9
  1899 | D:2      | Reached skill level 5 in Summonings
  2179 | D:2      | Found a faded altar of an unknown god.
  2893 | D:3      | Found a radiant altar of Vehumet.
  3082 | D:3      | Learned a level 3 spell: Summon Guardian Golem
  3365 | D:3      | Reached XP level 5. HP: 21/21 MP: 2/11
  3688 | D:3      | Found a burning altar of Makhleb.
  3765 | D:3      | Found a snail-covered altar of Cheibriados.
  3768 | D:3      | Found an opulent altar of Gozag.
  3897 | D:4      | Reached skill level 1 in Hexes
  4034 | D:3      | Found a hide-covered altar of Uskayaw.
  4034 | D:3      | Found a bloodstained altar of Trog.
  4042 | D:3      | Became a worshipper of Gozag Ym Sagoz the Greedy
  4250 | D:4      | Found a broken altar of Ashenzari.
  4416 | D:4      | Reached skill level 1 in Fighting
  4416 | D:4      | Reached skill level 3 in Dodging
  4910 | D:5      | Entered Level 5 of the Dungeon
  4943 | D:5      | Found Utuyn's General Store.
  5009 | D:5      | Gained mutation: You are covered in thick fur. (AC +2)
                  | [Felid growth]
  5009 | D:5      | Reached XP level 6. HP: 25/25 MP: 7/12
  5043 | D:5      | You fall into a shaft and drop 1 floor!
  5043 | D:6      | Found Juuts's Assorted Antiques.
  5047 | D:6      | Bought a murky red potion for 25 gold pieces
  5047 | D:6      | Bought 2 emerald potions for 50 gold pieces
  5047 | D:6      | Bought a scroll labelled GIARORR PENT for 28 gold pieces
  5335 | D:6      | Noticed an orc warrior
  5408 | D:6      | Reached XP level 7. HP: 25/30 MP: 6/14
  5490 | D:6      | Noticed a vampire mosquito
  5561 | D:6      | Reached skill level 4 in Dodging
  5626 | D:6      | Noticed a vampire mosquito
  5636 | D:6      | Killed a vampire mosquito
  5637 | D:6      | Reached skill level 5 in Hexes
  5637 | D:6      | Killed a vampire mosquito
  5675 | D:6      | Reached XP level 8. HP: 34/34 MP: 5/16
  5854 | D:6      | Found Fenieg Ijyla's Weapon Shop.
  6098 | D:5      | Found a runed translucent door.
  6099 | D:5      | Noticed SweetJohnnyV's ghost (amateur MiBe)
  6149 | D:5      | Reached skill level 5 in Dodging
  6355 | D:5      | Reached skill level 5 in Spellcasting
  7558 | D:6      | Found Wozonech's Antique Weapon Boutique.
  7767 | D:6      | Found a shimmering altar of Xom.
  7954 | D:7      | Reached skill level 6 in Dodging
  8251 | D:7      | Reached XP level 9. HP: 38/39 MP: 12/18
  8256 | D:7      | Learned a level 4 spell: Summon Lightning Spire
  8407 | D:7      | Found a basalt altar of Yredelemnul.
  8749 | D:7      | Found a transporter.
  8752 | D:7      | Noticed gebbletook2's ghost (novice OpMo)
  8756 | D:7      | Noticed a cyclops
  8761 | D:7      | Found a staircase to the Ecumenical Temple.
  8773 | D:7      | Found a transporter.
  9319 | D:8      | Noticed Joseph
  9879 | D:8      | Reached skill level 7 in Dodging
 10430 | D:9      | Reached skill level 5 in Fighting
 10773 | D:9      | Learned a level 5 spell: Summon Mana Viper
 11502 | D:9      | Noticed a troll
 11511 | D:9      | Killed a troll
 11572 | D:9      | Noticed a troll
 11586 | D:9      | Killed a troll
 11587 | D:9      | Reached skill level 8 in Dodging
 11587 | D:9      | Reached XP level 10. HP: 45/45 MP: 17/20
 11676 | D:9      | Noticed a centaur warrior
 11782 | D:10     | Entered Level 10 of the Dungeon
 11793 | D:10     | Found a staircase to the Lair.
 11808 | D:10     | Noticed Psyche
 11821 | D:10     | Killed Psyche
 11837 | D:10     | Found a flagged portal.
 11865 | Bailey   | Entered a bailey
 12006 | Bailey   | Noticed an orc knight
 12015 | Bailey   | Killed an orc knight
 12016 | Bailey   | Reached skill level 10 in Summonings
 12217 | Bailey   | Found a large runed translucent door.
 12217 | Bailey   | Found a large runed translucent door.
 12218 | Bailey   | Noticed a deep elf pyromancer
 12332 | Bailey   | Killed a deep elf pyromancer
 12352 | Bailey   | Identified the ring of Juraut {rF+ Int+2 Slay+5}
 12358 | Bailey   | Identified the +4 plate armour of Courage {-Cast Rampage
                  | rPois Will+++}
 12360 | Bailey   | Identified the +3 ring mail "Keffeilo" {Harm}
 12512 | Bailey   | Reached skill level 10 in Dodging
 12512 | Bailey   | Reached XP level 11. HP: 51/51 MP: 21/24
 12578 | D:10     | Noticed a two-headed ogre
 12591 | D:10     | Killed a two-headed ogre
 12592 | D:10     | Reached skill level 10 in Hexes
 12617 | D:10     | Reached skill level 11 in Dodging
 13055 | D:10     | Found a sparkling altar of Nemelex Xobeh.
 13167 | D:10     | Found an ancient bone altar of Kikubaaqudgha.
 13759 | D:11     | Noticed a boulder beetle
 13923 | D:11     | Killed a boulder beetle
 14085 | D:11     | Noticed an eight-headed hydra
 14110 | D:11     | Killed an eight-headed hydra
 14208 | D:11     | Noticed a two-headed ogre
 14239 | D:11     | Killed a two-headed ogre
 14240 | D:11     | Gained mutation: Your thick and shaggy fur keeps you warm.
                  | (AC +3, rC+) [Felid growth]
 14240 | D:11     | Reached XP level 12. HP: 57/57 MP: 17/26
 14610 | D:11     | Reached skill level 12 in Dodging
 14855 | D:11     | Reached skill level 1 in Air Magic
 15122 | D:11     | Noticed a two-headed ogre
 15131 | D:11     | Killed a two-headed ogre
 15218 | D:11     | Found a staircase to the Orcish Mines.
 15297 | D:12     | Noticed a boulder beetle
 15363 | Lair:1   | Entered Level 1 of the Lair of Beasts
 15401 | Lair:1   | Noticed an eight-headed hydra
 15429 | Lair:1   | Killed an eight-headed hydra
 17244 | Lair:1   | Noticed Nergalle
 17253 | Lair:1   | Killed Nergalle
 17460 | Lair:2   | Reached skill level 10 in Spellcasting
 17644 | Lair:2   | Noticed Maggie
 17654 | Lair:2   | Killed Maggie
 17655 | Lair:2   | Reached skill level 13 in Dodging
 17835 | Lair:2   | Noticed a six-headed hydra
 17856 | Lair:2   | Reached skill level 10 in Fighting
 17862 | Lair:2   | Killed a six-headed hydra
 18054 | Lair:2   | Noticed Amaemon
 18068 | Lair:2   | Killed Amaemon
 18069 | Lair:2   | Reached skill level 5 in Air Magic
 18236 | Lair:2   | Reached XP level 13. HP: 61/61 MP: 17/28
 18522 | Lair:2   | Noticed Fannar
 18536 | Lair:2   | Killed Fannar
 18982 | Lair:2   | Found a staircase to the Snake Pit.
 19857 | Lair:3   | Found a staircase to the Swamp.
 20176 | Lair:3   | Reached skill level 14 in Dodging
 20715 | Lair:3   | Found a radiant altar of Vehumet.
 21374 | Lair:1   | Bought a Grand Grimoire for 408 gold pieces
 22309 | Lair:4   | Found a viscous altar of Jiyva.
 22309 | Lair:4   | Found a staircase to the Slime Pits.
 22520 | Lair:5   | Entered Level 5 of the Lair of Beasts
 23039 | Lair:5   | Reached XP level 14. HP: 65/67 MP: 4/29
 23050 | Lair:5   | Reached skill level 15 in Dodging
 25294 | Lair:5   | Identified the +0 robe of the Bouncing Friends {*Slow rPois
                  | rN+ Stlth+}
 25302 | Lair:5   | Identified the +3 trident of Evolution {flame, Str+3}
 25931 | Lair:1   | Learned a level 7 spell: Malign Gateway
 26180 | D:12     | Reached skill level 1 in Translocations
 26718 | D:12     | Noticed Nessos
 26730 | D:12     | Killed Nessos
 27025 | D:12     | Reached skill level 16 in Dodging
 27358 | Orc:1    | Entered Level 1 of the Orcish Mines
 27362 | Orc:1    | Found a frozen archway.
 27465 | IceCv    | Entered an ice cave
 27563 | IceCv    | Found a transporter.
 27573 | IceCv    | Found a transporter.
 27689 | Orc:2    | Entered Level 2 of the Orcish Mines
 27698 | Orc:2    | Found a staircase to the Elven Halls.
 28782 | Orc:2    | Noticed an orc warlord
 28969 | Orc:2    | Mangled by an orc knight
 28970 | Orc:2    | Reached XP level 13. HP: -6/60 MP: 28/28
 28970 | Orc:2    | Found Ecir's General Store.
 28974 | Orc:2    | Found Naguv's Book Shoppe.
 29954 | Orc:2    | Found Agakk's Antique Weapon Shoppe.
 29976 | Orc:2    | Reached skill level 5 in Translocations
 30094 | Orc:2    | Reached XP level 14. HP: 69/69 MP: 17/29
 30563 | Orc:2    | Found Iqaqy's Antique Armour Boutique.
 30635 | Orc:2    | Bought a potion of brilliance for 68 gold pieces
 30635 | Orc:2    | Bought a scroll of poison for 68 gold pieces
 30856 | Lair:1   | Bought a pearl ring for 150 gold pieces
 30856 | Lair:1   | Bought a tiny jade amulet for 150 gold pieces
 30869 | Lair:1   | Bought the Codex of Variation for 748 gold pieces
 30877 | Lair:1   | Learned a level 7 spell: Storm Form
 30961 | D:13     | Noticed Urug
 30961 | D:13     | Noticed Rupert
 30961 | D:13     | Found a gate to the Vaults.
 31138 | D:13     | HP: 1/69 [centaur warrior/arrow (22)]
 31459 | D:12     | Upgraded the game from 0.29-a0-1008-g949cc1d0fb to
                  | 0.29-a0-1009-g60c99734e7
 31941 | Snake:1  | Entered Level 1 of the Snake Pit
 31969 | Snake:1  | Noticed Aizul
 31987 | Snake:1  | Killed Aizul
 32256 | Snake:1  | Found a runed translucent gate.
 32832 | Snake:1  | Found a runed translucent gate.
 32834 | Snake:1  | Found a runed translucent gate.
 33183 | Snake:1  | Noticed Reeplash's ghost (journeyman MeEE)
 33582 | Snake:2  | Found Celit's Jewellery Shop.
 33769 | Snake:2  | Noticed a nagaraja
 33790 | Snake:2  | Killed a nagaraja
 34248 | Swamp:1  | Entered Level 1 of the Swamp
 34259 | Swamp:1  | Reached skill level 17 in Dodging
 34824 | Swamp:1  | Noticed a thorn hunter
 34869 | Swamp:1  | Killed a thorn hunter
 34882 | Swamp:1  | Noticed a fenstrider witch
 34927 | Swamp:1  | HP: 3/70 [alligator[a fenstrider witch] (18)]
 35261 | Swamp:1  | Killed a fenstrider witch
 35948 | Swamp:2  | Reached XP level 15. HP: 75/75 MP: 12/30
 36260 | Swamp:2  | Identified a scroll of acquirement
 36261 | Swamp:2  | Acquired the ring "Fexkoih" {+Blink rF+ rC+ Will- Dex+3}
 36280 | Swamp:2  | Found a runed translucent door.
 36280 | Swamp:2  | Noticed Triskal's ghost (adept OgGl)
 36944 | Swamp:3  | HP: 1/75 [alligator (13)]
 37375 | Swamp:2  | Reached skill level 10 in Translocations
 37734 | Swamp:3  | Noticed a fenstrider witch
 37745 | Swamp:3  | Killed a fenstrider witch
 37746 | Swamp:3  | Reached skill level 18 in Dodging
 38338 | Orc:2    | Bought a Fen Folio for 504 gold pieces
 38339 | Orc:2    | Acquired the ring "Piboh" {rElec rF+ rC+ MP+9}
 38672 | Swamp:3  | Noticed a tentacled monstrosity
 38701 | Swamp:3  | Killed a tentacled monstrosity
 38852 | Swamp:3  | Identified the amulet "Koetus" {Spirit Str+5}
 39199 | Swamp:4  | Entered Level 4 of the Swamp
 39200 | Swamp:4  | Noticed a thorn hunter
 39218 | Swamp:4  | Killed a thorn hunter
 39514 | Snake:2  | Learned a level 5 spell: Summon Forest
 40301 | Snake:2  | Got the Cyclopedia of the Brume and the Grave
 41614 | Snake:3  | Reached XP level 16. HP: 79/79 MP: 28/33
 41742 | Snake:3  | Found Kuydep's Neck Hole.
 43262 | Snake:3  | Reached skill level 15 in Translocations
 43335 | Snake:3  | Reached skill level 1 in Transmutations
 44180 | Snake:4  | Entered Level 4 of the Snake Pit
 44192 | Snake:4  | Reached skill level 19 in Dodging
 45149 | Snake:4  | Reached skill level 15 in Fighting
 46129 | Snake:4  | Reached skill level 5 in Transmutations
 46285 | Snake:4  | Noticed a quicksilver dragon
 46285 | Snake:4  | Noticed a quicksilver dragon
 46297 | Snake:4  | Killed a quicksilver dragon
 46408 | Snake:3  | Found Jigelur's Antique Armour Emporium.
 46413 | Snake:3  | Noticed Nikola
 46414 | Snake:3  | Reached XP level 17. HP: 47/85 MP: 7/34
 46490 | Snake:3  | Reached skill level 10 in Air Magic
 46492 | Snake:3  | Killed from afar by Nikola
 46493 | Snake:3  | Reached XP level 16. HP: -22/81 MP: 16/33
 48065 | Snake:4  | Killed a quicksilver dragon
 48322 | Snake:4  | Got a serpentine rune of Zot
 48681 | Swamp:4  | Noticed Bai Suzhen
 48707 | Swamp:4  | Killed Bai Suzhen
 48865 | Swamp:4  | Noticed a thorn hunter
 48876 | Swamp:4  | Killed a thorn hunter
 49307 | Swamp:4  | Noticed the 27-headed Lernaean hydra
 49312 | Swamp:4  | Killed the 27-headed Lernaean hydra
 50111 | Swamp:4  | Noticed a thorn hunter
 50115 | Swamp:4  | Killed a thorn hunter
 50506 | Swamp:4  | Reached skill level 10 in Transmutations
 50967 | Swamp:4  | Got a decaying rune of Zot
 51420 | D:13     | Mangled by a cyan ugly thing
 51421 | D:13     | Reached XP level 15. HP: -7/77 MP: 32/32
 51483 | D:13     | Noticed Lodul
 51484 | D:13     | Killed Lodul
 51552 | D:13     | Reached XP level 16. HP: 57/81 MP: 3/33
 52275 | D:13     | Killed Urug
 52578 | D:13     | Killed Rupert
 52863 | D:13     | Identified the +7 spear "Heami" {holy, Drain Will- Str+10}
 53390 | D:14     | Noticed Jorgrun
 53393 | D:14     | Killed from afar by Jorgrun

Illustrated notes

Levels and vault maps discovered:
D:1:      wander_arrival_estate, layout_loops_ring,
          chequers_serial_rivers_marsh, chequers_serial_rivers_large_b
D:2:      minmay_recursive_quarters, layout_basic,
          shapermc_ecumenical_altar_pompeii, st_stairs_10
D:3:      layout_basic, lightli_temple_of_fire, nicolae_overflow_hidden_temple,
          mainiacjoe_overflow_boulevard, serial_corexii_hall,
          corexii_hall_statues_u, corexii_hall_statues_i, serial_bayou_pond_a,
          minivault_25, chequers_serial_rivers_room_a
D:4:      layout_basic, lemuel_round_altar
D:5:      layout_basic, gammafunk_ghost_grave, serial_shops,
          nicolae_stop_n_shop_1, gup_sewer_entry_bubbles
D:6:      layout_rooms, kennysheep_mini_moat, serial_shops, shop,
          nicolae_lakefront_shop, nicolae_shop_bloodbath_and_beyond
D:7:      layout_rooms, nicolae_yredelemnul_corpse_copse,
          minmay_temple_entry_statues_pillars, gammafunk_ghost_arena,
          dreamdust_wishing_well
D:8:      layout_cave_pools, uniq_joseph
D:9:      minmay_blocky_corners, layout_basic
D:10:     layout_basic, mainiacjoe_overflow_surrounded_room,
          nemelex_spade_bored_becter, lair_entry_dummy, enter_bailey_3,
          st_stairs_14, uniq_psyche
D:11:     minmay_general_purpose_star, layout_rooms, david_orc_4
D:12:     layout_basic, uniq_nessos
D:13:     layout_irregular_city, david_vaults_3, uniq_lodul
D:14:     layout_basic, uniq_kirke, uniq_jorgrun, uniq_josephine
Lair:1:   layout_chaotic_city, serial_bayou_lagoon_a, grunt_megastairs_4,
          uniq_nergalle
Lair:2:   layout_long_grid, minmay_snake_entry_guardpost_small, wad_woods_02,
          infiniplex_staircase_pool_2, uniq_amaemon, uniq_maggie, uniq_fannar
Lair:3:   layout_chaotic_city, minmay_swamp_entry_reptiles, basic_altar,
          hibernation_bobbens, grunt_megastairs_5, lemuel_fruit_tree,
          lemuel_fruit_fields
Lair:4:   layout_misc_corridors, minmay_slime_entry_oklob_enclosed,
          serial_bayou_shore_b
Lair:5:   gammafunk_lair_ancient_temple, layout_regular_city
Swamp:1:  nicolae_swamp_standing_stones, layout_falls_marsh,
          nicolae_swamp_ascending_descending
Swamp:2:  layout_basic_swamp, gammafunk_ghost_grave,
          evilmike_swamp_ruin_house_2, swamp_pool1, infiniplex_staircase_pool
Swamp:3:  layout_basic_swamp, evilmike_swamp_ruin_wall
Swamp:4:  swamp_old_school, layout_basic_swamp, swamp_pool4,
          nicolae_swamp_no_escape, uniq_bai_suzhen
Snake:1:  layout_misc_corridors, gammafunk_ghost_split, serial_bayou_shore_b,
          nicolae_triple_integral, serial_bayou_shore_b, uniq_aizul
Snake:2:  layout_grid_shapes, nicolae_take_the_stairs
Snake:3:  nicolae_snake_hallway, layout_cave_pods, serial_shops,
          nicolae_shop_crystal, nicolae_shop_sticking_my_neck_out,
          grunt_megastairs_2, uniq_nikola
Snake:4:  hellmonk_snake_rune_quicksilver_temple, layout_basic, drop_trap,
          nicolae_snake_shapes
Orc:1:    layout_caves, portal_ice_cave_entry_ice_simulacra, led_sif_book
Orc:2:    grunt_orc_gardens, layout_diamond_mine, grunt_orc_garden,
          grunt_orc_garden, grunt_orc_garden, grunt_orc_garden

Skill      XL: |  1  2  3  4  5  6  7  8  9 10 11 12 13 14 15 16 17 |
---------------+----------------------------------------------------+-----
Spellcasting   | 3 4 5 6 8 9 10 12 | 12.0
Summonings     | 5 6 8 9 10 12 14 | 14.0
Hexes          | 2 4 5 9 10 | 10.0
Fighting       | 1 2 4 5 7 9 10 11 13 14 15 | 15.0
Dodging        | 3 4 6 8 10 11 13 14 17 18 19 | 19.0
Air Magic      | 5 7 8 12 10 | 12.5
Translocations | 5 9 13 15 | 15.0
Transmutations | 11 | 11.0
Stealth        | |  2.6

Action                   |  1- 3 |  4- 6 |  7- 9 | 10-12 | 13-15 | 16-18 || total
-------------------------+-------+-------+-------+-------+-------+-------++-------
Melee: Unarmed           |    14 |    17 |    47 |    34 |    92 |    20 ||   224
       Bite              |     2 |     3 |     8 |     8 |    18 |     4 ||    43
       Punch             |       |       |       |       |     4 |       ||     4
 Cast: Summon Small Mamm |    31 |    21 |    42 |    31 |    51 |       ||   176
       Call Imp          |    12 |    24 |    32 |    28 |    71 |    15 ||   182
       Call Canine Famil |     3 |    16 |    37 |    54 |   149 |    87 ||   346
       Summon Guardian G |       |     5 |    19 |    42 |   196 |    94 ||   356
       Summon Lightning  |       |       |     7 |    28 |   187 |    67 ||   289
       Summon Mana Viper |       |       |       |     7 |   120 |   101 ||   228
       Summon Forest     |       |       |       |       |    20 |    81 ||   101
       Malign Gateway    |       |       |       |       |     2 |    16 ||    18
       Storm Form        |       |       |       |       |       |     1 ||     1
Invok: Call Merchant     |       |       |       |       |     5 |     1 ||     6
       Potion Petition   |       |       |       |       |       |     2 ||     2
Evoke: Wand              |       |       |       |     7 |    13 |    11 ||    31
       Box of beasts     |       |       |       |       |       |     1 ||     1
  Use: Scroll            |       |     5 |     8 |     8 |    18 |     3 ||    42
       Potion            |       |       |       |     1 |     4 |     7 ||    12
 Stab: Sleeping          |     1 |     1 |     2 |       |       |     1 ||     5
       Distracted        |       |       |     1 |     4 |     3 |       ||     8
       Betrayed ally     |       |       |       |       |     1 |       ||     1
       Paralysed         |       |       |       |       |     4 |       ||     4
Armor: Skin              |     2 |     6 |     4 |     1 |    20 |    10 ||    43
Dodge: Dodged            |     7 |    38 |   105 |    56 |   505 |   208 ||   919
Block: Other             |       |     3 |    25 |    16 |       |       ||    44
       Reflection        |       |       |     5 |     3 |       |       ||     8

Table legend: (Time is in decaauts)
 A = Elapsed time spent in this place.
 B = Non-inter-level travel time spent in this place.
 C = Inter-level travel time spent in this place.
 D = Time resting spent in this place.
 E = Time spent auto-exploring this place.
 F = Levels seen in this place.
 G = Mean time per level.
                   A        B        C        D        E       F      G
               +--------+--------+--------+--------+--------+-----+--------+
         Total |  49415 |  46366 |   3049 |  18922 |  17915 |  31 | 1594.0 |
       Dungeon |  17714 |  16741 |    973 |   4985 |   8148 |  14 | 1265.3 |
          Lair |  10367 |   9417 |    950 |   3874 |   3751 |   5 | 2073.4 |
         Swamp |   7043 |   6520 |    523 |   3047 |   2220 |   4 | 1760.8 |
     Snake Pit |  10404 |   9938 |    466 |   4869 |   3096 |   4 | 2601.0 |
  Orcish Mines |   3168 |   3033 |    135 |   1835 |    520 |   2 | 1584.0 |
        Bailey |    597 |    597 |      0 |    236 |    173 |   1 |  597.0 |
      Ice Cave |    120 |    120 |      0 |     74 |      5 |   1 |  120.0 |
               +--------+--------+--------+--------+--------+-----+--------+

Top non-repeatable levels by time:
 Snake:4: 3114 daAuts
 Snake:3: 3108 daAuts
  Lair:5: 3048 daAuts
 Snake:2: 2502 daAuts
  Lair:1: 2459 daAuts
 Swamp:4: 2439 daAuts
    D:11: 2194 daAuts
   Orc:1: 2010 daAuts
 Swamp:1: 1875 daAuts
  Lair:3: 1875 daAuts
    D:12: 1847 daAuts
  Lair:2: 1777 daAuts
     D:8: 1740 daAuts
    D:13: 1681 daAuts
 Snake:1: 1677 daAuts
